AoeStats
← Ice_And_Fire

Lombardia

509943654Analyzed
2v2 RM · 5d ago on Sep 28, 2026· 42m 36s· 4 players
Game mode
Random Map
Map size
Medium (4 player)
Population
200
Speed
Normal
Resources
Standard
Victory
Conquest
Starting age
Dark Age
Ending age
Imperial Age
RankedLock teamsTeams togetherTeam positionsShared explorationLock speedFull tech treeHidden civsTurbo modeCheats
Victory
Defeat
🇩🇪 Burgundians · Germany
1028
+16
🇩🇪 Muisca · Germany
1011
+16
🇩🇪 Britons · Germany
1028
-16
🇩🇪 Franks · Germany
1011
-16
Ice_And_Fire
7:21 Loom
10:21 Feudal Age
13:58 Fletching
14:24 Double-Bit Axe
17:56 Wheelbarrow
17:43 Man-at-Arms
18:41 Padded Archer Armor
21:27 Castle Age
20:20 Arson
21:14 Forging
22:52 Crossbowman
24:38 Scale Mail Armor
27:37 Town Watch
30:02 Town Patrol
33:04 Horse Collar
32:57 Pikeman
35:17 Bow Saw
36:39 Squires
36:40 Gold Mining
36:46 Stone Mining
39:08 Leather Archer Armor
39:53 Heavy Plow
41:33 Bodkin Arrow
41:56 Chain Mail Armor
41:48 Long Swordsman
42:13 Gambesons
Bujerissimo
7:42 Loom
11:55 Feudal Age
14:00 Double-Bit Axe
20:16 Castle Age
18:38 Gold Mining
19:10 Stone Mining
19:34 Fletching
20:39 Scale Barding Armor
21:47 Scale Mail Armor
25:59 Husbandry
26:26 Ballistics
27:27 Chain Mail Armor
28:07 Forging
30:26 Bodkin Arrow
35:33 Murder Holes
37:05 Chain Barding Armor
37:34 Wheelbarrow
38:01 Gold Shaft Mining
41:35 Imperial Age
40:17 Hand Cart
41:18 Iron Casting
42:13 Cavalier
Lonely Guy
7:34 Loom
9:42 Feudal Age
10:46 Double-Bit Axe
17:39 Castle Age
17:07 Scale Barding Armor
18:25 Cavalier
21:48 Horse Collar
29:06 Pikeman
31:30 Chain Barding Armor
37:12 Imperial Age
35:26 Wheelbarrow
34:37 Town Watch
35:49 Forging
35:30 Fletching
37:14 Elite Coustillier
38:16 Conscription
38:14 Halberdier
40:38 Heavy Plow
40:50 Bow Saw
Sir_Darkdepp 1st
6:44 Loom
8:11 Loom
11:02 Feudal Age
11:08 Champi Runner
11:50 Double-Bit Axe
12:04 Gold Mining
13:24 Scale Mail Armor
13:35 Forging
13:33 Horse Collar
21:46 Castle Age
20:26 Forging
21:51 Champi Warrior
23:03 Chain Mail Armor
22:58 Squires
27:31 Iron Casting
30:21 Bow Saw
39:55 Imperial Age
38:36 Wheelbarrow
39:03 Heavy Plow
39:57 Elite Champi Warrior
41:32 Plate Mail Armor
42:05 Herbalism
42:26 Conscription
43:14 Two-Man Saw
Connection lost

Rejoining the realm…

Still unreachable

The connection could not be restored.

Session expired

The server has moved on; the page needs a fresh start.